 Dungeon Crawl Stone Soup version 0.31-a0-614-gc85dc1c48c (webtiles) character file.

Game seed: 8420650278878066034

296 AdnanSaban the Covered (level 6, -3/38 HPs)
             Began as a Gargoyle Fighter on Aug 22, 2023.
             Killed by divine providence
             ... invoked by an orc priest
              (11 damage)
             ... on level 3 of the Dungeon.
             The game lasted 00:02:28 (2710 turns).

AdnanSaban the Covered (Gargoyle Fighter)           Turns: 2710, Time: 00:02:28

Health: -3/38      AC: 13    Str: 22    XL:     6   Next: 35%
Magic:  6/6        EV:  8    Int:  8    God:
Gold:   176        SH:  0    Dex:  9    Spells: 5/5 levels left

rFire   . . .        D - +2 flail (holy)
rCold   . . .        B - +0 kite shield
rNeg    + . .        b - +0 scale mail
rPois   ∞            m - +2 hat
rElec   +            (no cloak)
rCorr   .            (no gloves)
SInv    .            (no boots)
Will    .....        (no amulet) Stlth
                     (no ring)
HPRegen 0.26/turn    (no ring)
MPRegen 0.10/turn

%: no passive effects
@: confused
A: sickness immunity, AC +4, negative energy resistance 1, electricity
resistance, torment resistance 1, petrification resistance
a: no special abilities


You were on level 3 of the Dungeon.
You visited 1 branch of the dungeon, and saw 4 of its levels.

You collected 176 gold pieces.

Inventory:

Hand Weapons
 D - a +2 flail of holy wrath (weapon)
Armour
 b - a +0 scale mail (worn)
 c - a +0 tower shield
 m - a +2 hat (worn)
 B - a +0 kite shield (worn)
Jewellery
 t - a ring of fire
 C - a ring of fire
Scrolls
 e - a scroll of immolation {unknown}
 g - a scroll of fear {unknown}
 i - 2 scrolls of enchant armour {unknown}
 j - a scroll of vulnerability {unknown}
 k - a scroll of enchant weapon {unknown}
 p - a scroll of revelation {unknown}
 q - 4 scrolls of teleportation {unknown}
 s - 3 scrolls of fog {unknown}
 u - 3 scrolls of identify {unknown}
 x - a scroll of silence {unknown}
 y - a scroll of acquirement {unknown}
 z - a scroll of noise {unknown}
 A - a scroll of poison {unknown}
Potions
 d - 2 potions of might
 f - 2 potions of heal wounds {unknown}
 h - a potion of curing {unknown}
 l - 2 potions of lignification {unknown}
 n - 2 potions of ambrosia {unknown}
 o - a potion of degeneration {unknown}
 r - 2 potions of magic {unknown}
 v - a potion of attraction {unknown}
 w - a potion of haste {unknown}


   Skills:
 + Level 4.1 Fighting
 + Level 4.3 Maces & Flails
 + Level 4.6 Armour
 + Level 1.0 Dodging
 + Level 0.1 Stealth
 + Level 4.2 Shields


You had 5 spell levels left.
You didn't know any spells.
Your spell library contained the following spells:

 Spells                   Type           Power      Damage    Failure   Level
 Apportation              Tloc           0%         N/A       94%         1
 Alistair's Intoxication  Tmut/Pois      0%         N/A       100%        5


Dungeon Overview and Level Annotations

Branches:
Dungeon (4/15)
 Temple: D:4-7

Altars:


Innate Abilities, Weirdness & Mutations

You are immune to sickness and miasma.
Your stone body is resilient. (AC +4)
You are immune to poison.
You resist negative energy. (rN+)
You are resistant to electric shocks. (rElec)
You are resistant to unholy torment.
You are immune to petrification.


Message History

You resist with some effort.
You hear a shout!
You closely miss the orc wizard.
The orc wizard is almost dead.
The orc wizard barely misses you.
You hit the orc wizard but do no damage.
The orc wizard is almost dead.
The orc wizard mumbles some strange words.
The orc wizard flickers and vanishes!
Deactivating autopickup; reactivate with Ctrl-A.
The orc priest shouts!
Something hits you but does no damage.
The orc priest hits you but does no damage.
You barely miss the orc priest. The orc priest barely misses you.
The orc priest calls down the wrath of Beogh upon you.
Pain shoots through your body! Something hits you but does no damage.
You barely miss the orc priest.
The orc priest hits you but does no damage.
Something hits you but does no damage. Something hits you but does no damage.
Items here: ( ))) [.
The orc priest mumbles some strange prayers to Beogh against you.
Pain shoots through your body! Something hits you but does no damage.
A magic dart appears from out of thin air!
The magic dart hits you but does no damage.
The orc priest looks braver for a moment.
The orc priest miscasts a cantrip.
The orc priest calls down the wrath of Beogh upon you.
Beogh smites you!
A magic dart appears from out of thin air!
The magic dart hits you.
You are confused.
You bump into the rock wall.
The orc priest invokes the aid of Beogh against you.
Beogh smites you!
* * * LOW HITPOINT WARNING * * *
You bump into the rock wall.
The orc priest mumbles some strange prayers to Beogh against you.
Beogh smites you!
You die...

..# #.....##.#....# ###
#.....##.###.###
####.###.......# #####
#....####.#.##### ....#
####.#....#..÷..# ....#
#.#.####[.##.#### ....# #...#
#..#.....#
....################..#####†##
.....)...o.{o...@<[...#......#
.###)####.###########.#.######
## #.# #.# #.)...#.#.#....# #
#.# ##.#####.#####.#.#.#.##
#.# #.....##.# #.#.#.#..# #.#
#.....##.# #.#.#.#.## #.#
#.....##.#####.#.#...# ####.#
#.....##.............# .....#
##'###########.#.#...##


You could see 2 orc priests.

Vanquished Creatures
  Sigmund (D:3)
  An orc priest (D:3)
  4 adders (D:2)
  A worm (D:3)
  8 orcs (D:3)
  6 ball pythons
  4 endoplasms
  5 giant cockroaches
  6 goblins
  5 hobgoblins
  3 jackals (D:1)
  5 quokkas
  4 bats
  7 frilled lizards
  4 kobolds
  3 rats
67 creatures vanquished.

Notes
Turn   | Place    | Note
-------+----------+-------------------------------------------
     0 | D:1      | AdnanSaban the Gargoyle Fighter began the quest for the
                  | Orb.
     0 | D:1      | Reached XP level 1. HP: 14/14 MP: 1/1
   143 | D:1      | Reached XP level 2. HP: 19/19 MP: 2/2
   614 | D:2      | Reached XP level 3. HP: 18/23 MP: 3/3
  1107 | D:2      | Reached XP level 4. HP: 26/29 MP: 4/4
  1462 | D:3      | Noticed Sigmund
  1480 | D:3      | Killed Sigmund
  1481 | D:3      | Reached XP level 5. HP: 15/33 MP: 5/5
  1756 | D:3      | Reached XP level 6. HP: 38/38 MP: 6/6
  2063 | D:3      | Reached skill level 1 in Dodging
  2404 | D:3      | Identified the +0 ring mail "Riorasiepn" {rElec rPois MP-9
                  | Int-5}
  2710 | D:3      | Killed from afar by an orc priest

Illustrated notes

Levels and vault maps discovered:
D:1:      scummos_arrival_simple_fountains, layout_loops_ring, minmay_3d_cube
D:2:      layout_loops_ring, minmay_three_crescents
D:3:      layout_basic, grunt_ministairs_2, uniq_sigmund,
          uniq_crazy_yiuf_cottage
D:4:      layout_rooms, xom_confusion_cloud, nicolae_overflow_hidden_temple,
          gup_sewer_entry_pipe, uniq_robin

Skill      XL: |  1  2  3  4  5  6 |
---------------+-------------------+-----
Maces & Flails | 4 |  4.3
Fighting       | 4 |  4.1
Armour         | 4 |  4.6
Shields        | 4 |  4.2
Dodging        | 1 |  1.0
Stealth        | |  0.1

Action                     |  1- 3 |  4- 6 || total
---------------------------+-------+-------++-------
  Melee: Flail             |   124 |   136 ||   260
 Armour: Scale mail        |    76 |    90 ||   166
  Dodge: Dodged            |    70 |    57 ||   127
  Block: Buckler           |    36 |    16 ||    52
         Kite shield       |       |    37 ||    37

Table legend: (Time is in decaauts)
 A = Elapsed time spent in this place.
 B = Non-inter-level travel time spent in this place.
 C = Inter-level travel time spent in this place.
 D = Time resting spent in this place.
 E = Time spent auto-exploring this place.
 F = Levels seen in this place.
 G = Mean time per level.
                   A        B        C        D        E       F      G
               +--------+--------+--------+--------+--------+-----+--------+
         Total |   2787 |   2739 |     48 |    168 |   1911 |   4 |  696.8 |
       Dungeon |   2787 |   2739 |     48 |    168 |   1911 |   4 |  696.8 |
               +--------+--------+--------+--------+--------+-----+--------+

Top non-repeatable levels by time:
     D:3: 1119 daAuts
     D:2: 1060 daAuts
     D:1: 600 daAuts
     D:4: 7 daAuts
